 Dungeon Crawl Stone Soup version 0.20.0-10-g0535bb4 (webtiles) character file.

42 Gorglomux the Caller (level 3, 0/31 HPs)
             Began as a Hill Orc Summoner on June 6, 2017.
             Slain by a goblin
             ... wielding a +0 dagger
             ... led by Robin
              (1 damage)
             ... on level 2 of the Dungeon.
             The game lasted 00:08:48 (1501 turns).

Gorglomux the Caller (Hill Orc Summoner)            Turns: 1501, Time: 00:08:49

Health: 0/31       AC:  5    Str: 11    XL:     3   Next: 56%
Magic:  0/5        EV: 10    Int: 15    God:
Gold:   72         SH:  4    Dex: 11    Spells: 4/5 levels left

rFire    . . .     SeeInvis .   e - +0 dagger
rCold    . . .     Gourm    .   k - +1 buckler {reflect}
rNeg     . . .     Faith    .   h - +0 ring mail
rPois    .         Spirit   .   (no helmet)
rElec    .         Reflect  +   (no cloak)
rCorr    .         Harm     .   (no gloves)
MR       .....                  (no boots)
Stlth    +.........             (no amulet)
Regen    0.1/turn               (no ring)
MPRegen  0.1/turn               (no ring)

@: very slightly contaminated
A: no striking features
a: no special abilities


You were on level 2 of the Dungeon.
You were not hungry.

You visited 1 branch of the dungeon, and saw 2 of its levels.

You collected 72 gold pieces.

Inventory:

Hand Weapons
 e - a +0 dagger (weapon)
Armour
 a - a +0 robe
 h - a +0 ring mail (worn)
 k - a +1 buckler of reflection (worn)
Scrolls
 i - 4 scrolls of remove curse {unknown}
 l - a scroll of random uselessness {unknown}
Books
 b - a book of Callings

   Spells                             Type                      Level
   a - Summon Small Mammal            Summoning                    1
   b - Call Imp                       Summoning                    2
   c - Call Canine Familiar           Summoning                    3
   d - Summon Guardian Golem          Hexes/Summoning              3
   e - Summon Lightning Spire         Summoning/Air                4
   f - Summon Ice Beast               Ice/Summoning                4
Comestibles
 c - 4 bread rations


   Skills:
 + Level 3.2 Fighting
 - Level 1.5 Dodging
 - Level 1.5 Stealth
 + Level 1.3 Shields
 - Level 1.5 Spellcasting
 - Level 4.0 Summonings


You had 4 spell levels left.
You knew the following spells:

 Your Spells              Type           Power        Failure   Level  Hunger
a - Summon Small Mammal   Summ           ##..         16%         1    ##.....


Dungeon Overview and Level Annotations

Branches:
Dungeon (2/15)

Altars:

Annotations:
D:2 Robin


Message History

Unknown command.
You aren't carrying any potions.
Unknown command.
You hit the goblin.
You kill the goblin!
The goblin no longer looks unusually strong.
Your bat closely misses the goblin.
The jackal closely misses you.
Your bat hits Robin. The goblin hits your bat with a dagger.
Your bat dies!
Your bat's corpse disappears in a puff of smoke!
The goblin hits you but does no damage. The goblin barely misses you.
Your quokka bites Robin but does no damage.
Robin barely misses you. The jackal closely misses you.
Your rat bites the goblin.
Unknown command.
The goblin no longer looks unusually strong.
The goblin hits you with a dagger.
* * * LOW HITPOINT WARNING * * *
The goblin hits you with a dagger.
You die...

...##....#.....#
........##..)..# ...
........##.....# ....
........##.....# .....
..........[....# ......
...............###......
...............)........
...........###b.r.......
...........# #g@g......
.......##### #.ggg...(.
###.... ##h..##### .....
.#####gr.# .......g..#
.........## ..........
$.##.....%. . #........


You could see Robin, a jackal, a hobgoblin, 5 goblins, a friendly quokka, a
friendly bat and a friendly rat.

Vanquished Creatures
  An adder (D:2)
  A leopard gecko (D:1)
  4 bats (D:1)
  A giant cockroach (D:2)
  7 goblins
  2 hobgoblins
  6 jackals
  2 kobolds (D:1)
  3 rats (D:1)
27 creatures vanquished.

Vanquished Creatures (collateral kills)
  A leopard gecko (D:1)
  A goblin (D:1)
  2 kobolds (D:2)
4 creatures vanquished.

Grand Total: 31 creatures vanquished

Notes
Turn   | Place    | Note
-------+----------+-------------------------------------------
     0 | D:1      | Gorglomux the Hill Orc Summoner began the quest for the Orb.
     0 | D:1      | Reached XP level 1. HP: 14/14 MP: 3/3
   111 | D:1      | Reached skill level 1 in Fighting
   508 | D:1      | Reached XP level 2. HP: 19/24 MP: 4/4
  1344 | D:2      | Reached skill level 3 in Fighting
  1344 | D:2      | Reached XP level 3. HP: 25/31 MP: 1/5
  1455 | D:2      | Noticed Robin
  1481 | D:2      | Reached skill level 1 in Shields
  1501 | D:2      | HP: 1/31 [goblin/dagger (4)]
  1501 | D:2      | Slain by a goblin

Skill      XL: |  1  2  3 |
---------------+----------+-----
Fighting       | 1 3 |  3.2
Shields        | 1 |  1.3
Dodging        | |  1.5
Stealth        | |  1.5
Spellcasting   | |  1.5
Summonings     | |  4.0

Action                   || total
-------------------------++-------
Melee: Unarmed           ||    18
       Dagger            ||   149
 Cast: Summon Small Mamm ||    13
  Use: Potion            ||     2
 Stab: Sleeping          ||     1
  Eat: Chunk             ||     2
Armor: Robe              ||    11
       Ring mail         ||    48
       Skin              ||   126
Dodge: Dodged            ||    88
Block: Buckler           ||    43
       Reflection        ||     1
